 Dungeon Crawl Stone Soup version 0.21-a0-227-g58a7c62 (webtiles) character file.

11426 Ijustatesigmund the Cruncher (level 12, -10/99 HPs)
             Began as a Formicid Fighter on Aug 30, 2017.
             Was a Priest of Cheibriados.
             Mangled by a red ugly thing (22 damage)
             ... on level 11 of the Dungeon.
             The game lasted 00:26:53 (13132 turns).

Ijustatesigmund the Cruncher (Formicid Fighter)    Turns: 13132, Time: 00:26:54

Health: -10/99     AC: 10    Str: 27    XL:     12   Next: 7%
Magic:  25/25      EV: 14    Int: 17    God:    Cheibriados [***...]
Gold:   410        SH: 12    Dex: 21    Spells: 11/11 levels left

rFire    . . .     SeeInvis +   a - +1 quarterstaff (elec)
rCold    . . .     Gourm    .   c - +0 shield
rNeg     + . .     Faith    .   b - +1 ring mail of Pantheism {MP+9 SInv}
rPois    .         Spirit   .   (helmet unavailable)
rElec    .         Reflect  .   x - +1 cloak
rCorr    .         Harm     .   i - +0 pair of gloves
MR       +....                  (no boots)
Stlth    +.........             (no amulet)
HPRegen  0.26/turn              A - ring of positive energy
MPRegen  0.19/turn              (no ring)

@: very slow
A: permanent stasis, dig shafts and tunnels, four strong arms, antennae 3
a: Dig, Shaft Self, Bend Time, Temporal Distortion, Renounce Religion


You were on level 11 of the Dungeon.
You worshipped Cheibriados.
Cheibriados was most pleased with you.
You were hungry.

You visited 2 branches of the dungeon, and saw 13 of its levels.

You collected 567 gold pieces.
You spent 157 gold pieces at shops.

Inventory:

Hand Weapons
 a - a +1 quarterstaff of electrocution (weapon)
Armour
 b - the +1 ring mail of Pantheism (worn) {MP+9 SInv}
   (You found it on level 5 of the Dungeon)

   It affects your magic capacity (+9).
   It lets you see invisible.
 c - a +0 shield (worn)
 i - a +0 pair of gloves (worn)
 x - a +1 cloak (worn)
Jewellery
 A - a ring of positive energy (left hand)
Wands
 d - a wand of confusion (0/48)
 l - a wand of random effects (14/48)
 s - a wand of iceblast (3/15)
 u - a wand of lightning (3/15)
 w - a wand of paralysis (4/24)
 y - a wand of paralysis (11/24)
Scrolls
 k - a scroll of recharging
 n - a scroll of immolation
 o - a scroll of enchant weapon
 p - a scroll of fear
 q - 11 scrolls of identify
 t - 2 scrolls of enchant armour
 C - a scroll of magic mapping
Potions
 e - 2 potions of curing
 h - a potion of agility
 r - 2 potions of flight
 v - a potion of cancellation
 z - a potion of lignification
Comestibles
 f - 5 bread rations
 g - 21 fruits
 j - 11 royal jellies
 m - 4 meat rations


   Skills:
 + Level 10.9 Fighting
 + Level 12.6 Staves
 - Level 5.5 Armour
 - Level 4.8 Dodging
 - Level 5.6 Shields
 + Level 5.6 Invocations


You had 11 spell levels left.
You didn't know any spells.

Dungeon Overview and Level Annotations

Branches:
Dungeon (12/15)            Temple (1/1) D:6            Lair (0/6) D:9
    Orc: D:9-12

Altars:
Ashenzari
Cheibriados
Dithmenos
Elyvilon
Fedhas
Gozag
Hepliaklqana
Kikubaaqudgha
Makhleb
Nemelex Xobeh
Okawaru
Qazlal
Ru
Sif Muna
Trog
Uskayaw
Vehumet
Wu Jian
Xom
Yredelemnul
Zin
The Shining One

Shops:
D:5 (   D:7 [   D:8 *   D:9 %   D:10 *   D:11 *   D:12 *


Innate Abilities, Weirdness & Mutations

You cannot be hasted, slowed, berserked, paralysed or teleported.
You can dig through walls and to a lower floor.
Your four strong arms can wield two-handed weapons with a shield.
You have a pair of large antennae on your head. (SInv)


Message History

The red ugly thing trunk-slaps you.
You are engulfed in flames!
You are too injured to fight recklessly!
You are too injured to fight recklessly!
You are too injured to fight recklessly!
You are too injured to fight recklessly!
You are too injured to fight recklessly!
You are too injured to fight recklessly!
You are too injured to fight recklessly!
You are too injured to fight recklessly!
You are too injured to fight recklessly!
You are too injured to fight recklessly!
Are you sure you want to shaft yourself?
You are feeling hungry.
The red ugly thing trunk-slaps you.
You are engulfed in flames!!
* * * LOW HITPOINT WARNING * * *
You begin to dig a shaft.
You continue digging a shaft.
The red ugly thing trunk-slaps you!
* * * LOW HITPOINT WARNING * * *
You are engulfed in flames!!
You die...

#(.......#
#.<......#
#........#
#........#
#........#
.####........#
.............#
......u@.<...#
###..........#
#..#######.#
#. # # # . . #


You could see a red ugly thing.

Vanquished Creatures
  3 two-headed ogres
  Pikel (D:8)
  Maurice (D:8)
  A gargoyle (D:12)
  A troll (D:10)
  2 hippogriffs
  10 yaks
  A hungry ghost (D:10)
  Menkaure (D:6)
  An acid dragon (D:11)
  2 soldier ants (D:9)
  A water moccasin (D:9)
  An orc warrior (D:11)
  2 ice beasts
  A slave (D:8)
  4 sky beasts
  2 eyes of draining
  A phantom (D:9)
  3 ogres
  3 centaurs
  A necrophage (D:11)
  A crocodile (D:8)
  A big kobold (D:9)
  Blork the orc (D:6)
  10 bullfrogs
  A gnoll sergeant (D:10)
  A wyvern skeleton (D:12)
  A wyvern zombie (D:10)
  2 scorpions
  12 killer bees
  8 wights (D:7)
  3 howler monkeys
  10 crimson imps
  A jelly (D:9)
  5 hounds
  2 bullfrog skeletons
  11 orc priests
  A centaur skeleton (D:6)
  4 iguanas
  An iron imp (D:9)
  16 orc wizards
  11 worker ants
  3 killer bee zombies
  2 hound skeletons
  A worker ant zombie (D:5)
  8 gnolls
  A howler monkey skeleton (D:6)
  12 adders
  4 shadow imps
  2 oozes (D:3)
  An adder zombie (D:9)
  An adder skeleton (D:5)
  A worm (D:9)
  3 dart slugs
  5 leopard geckos
  34 orcs
  2 ball pythons (D:3)
  6 giant cockroaches
  5 goblins
  6 hobgoblins
  12 jackals
  5 quokkas
  6 bats
  5 frilled lizards
  A giant cockroach zombie (D:5)
  14 kobolds
  4 rats
290 creatures vanquished.

Vanquished Creatures (others)
  3 slaves (D:8)
  An adder (D:5)
  An orc (D:5)
  A plant (D:9)
6 creatures vanquished.

Grand Total: 296 creatures vanquished

Notes
Turn   | Place    | Note
-------+----------+-------------------------------------------
     0 | D:1      | Ijustatesigmund the Formicid Fighter began the quest for the Orb.
     0 | D:1      | Reached XP level 1. HP: 18/18 MP: 1/1
    35 | D:1      | Reached XP level 2. HP: 22/24 MP: 2/2
   479 | D:2      | Reached XP level 3. HP: 29/29 MP: 3/3
  1011 | D:2      | Reached skill level 3 in Staves
  1011 | D:2      | Reached XP level 4. HP: 30/37 MP: 4/4
  1121 | D:3      | Found a radiant altar of Vehumet.
  1154 | D:3      | Reached XP level 5. HP: 30/42 MP: 5/5
  1246 | D:3      | Found a shadowy altar of Dithmenos.
  1290 | D:3      | Found a sparkling altar of Nemelex Xobeh.
  1526 | D:3      | Found a stormy altar of Qazlal.
  1737 | D:3      | Found a bloodstained altar of Trog.
  2132 | D:4      | You fall through a shaft!
  2132 | D:5      | Entered Level 5 of the Dungeon
  2146 | D:5      | Reached XP level 6. HP: 12/48 MP: 6/6
  2377 | D:5      | Found Kuchex's Weapon Shoppe.
  2414 | D:5      | Reached skill level 4 in Staves
  2942 | D:5      | Reached XP level 7. HP: 55/55 MP: 7/7
  2970 | D:5      | Got a steaming ring mail
  2976 | D:5      | Identified the +1 ring mail of Pantheism {MP+9 SInv} (You found it on level 5 of the Dungeon)
  3044 | D:4      | Reached skill level 5 in Shields
  3194 | D:4      | Reached skill level 5 in Armour
  3463 | D:4      | Reached skill level 5 in Staves
  3601 | D:5      | Reached skill level 5 in Fighting
  3645 | D:5      | Reached XP level 8. HP: 56/62 MP: 8/8
  3953 | D:5      | Found a blossoming altar of Fedhas.
  4593 | D:6      | Found a shadowy altar of Dithmenos.
  4700 | D:6      | Reached skill level 6 in Staves
  4702 | D:6      | Noticed Blork the orc
  4721 | D:6      | Killed Blork the orc
  4817 | D:6      | Noticed Menkaure
  4826 | D:6      | Killed Menkaure
  5091 | D:6      | Reached skill level 7 in Staves
  5144 | D:6      | You fall through a shaft for 2 floors!
  5144 | D:8      | Noticed a two-headed ogre
  5516 | D:6      | Reached XP level 9. HP: 68/71 MP: 9/9
  5652 | D:6      | Found a staircase to the Ecumenical Temple.
  5718 | D:6      | Reached skill level 8 in Staves
  5815 | Temple   | Entered the Ecumenical Temple
  5918 | D:7      | Found a burning altar of Makhleb.
  6518 | D:7      | Found Joex's Armour Shoppe.
  6565 | D:7      | Reached skill level 9 in Staves
  6992 | D:7      | Reached skill level 1 in Dodging
  7050 | D:7      | Found a shadowy altar of Dithmenos.
  7386 | D:8      | Killed a two-headed ogre
  7386 | D:8      | Reached skill level 10 in Staves
  7386 | D:8      | Reached XP level 10. HP: 48/80 MP: 10/10
  7404 | D:8      | Got a twisted leather armour
  7419 | D:7      | Identified the cursed +1 leather armour of the Spheres {+Inv Stlth+} (You found it on level 8 of the Dungeon)
  8196 | D:8      | Noticed Maurice
  8208 | D:8      | Noticed Pikel
  8241 | D:8      | Killed Pikel
  8316 | D:8      | Killed Maurice
  8703 | D:8      | You fall through a shaft!
  9037 | D:9      | You fall through a shaft for 2 floors!
  9049 | D:11     | Reached skill level 11 in Staves
  9373 | D:11     | You fall through a shaft!
  9373 | D:12     | Found Poryireb's General Store.
  9592 | D:12     | Bought a scroll of enchant armour for 75 gold pieces
  9646 | D:12     | Noticed a gargoyle
  9676 | D:12     | Killed a gargoyle
  9676 | D:12     | Reached XP level 11. HP: 71/89 MP: 11/11
  9776 | D:11     | Found Zebar Egebe's Assorted Antiques.
  9807 | D:11     | Noticed a six-headed hydra
  9815 | D:10     | Entered Level 10 of the Dungeon
 10075 | D:9      | Found an iron altar of Okawaru.
 10456 | D:8      | Found Zin's Purification Station.
 10457 | D:8      | Found a glowing silver altar of Zin.
 10692 | D:9      | Found a snail-covered altar of Cheibriados.
 10706 | D:9      | Became a worshipper of Cheibriados the Contemplative
 10845 | D:9      | Noticed a two-headed ogre
 10854 | D:9      | Killed a two-headed ogre
 10854 | D:9      | Reached skill level 12 in Staves
 11190 | D:9      | Found Paskaxir's Food Boutique.
 11319 | D:9      | Reached * piety under Cheibriados
 11324 | D:9      | Noticed a two-headed ogre
 11325 | D:9      | Found a basalt altar of Yredelemnul.
 11337 | D:9      | Killed a two-headed ogre
 11337 | D:9      | Reached skill level 10 in Fighting
 11569 | D:9      | Found an ornate altar of the Wu Jian Council.
 11592 | D:9      | Found a staircase to the Lair.
 11717 | D:9      | Reached ** piety under Cheibriados
 12203 | D:10     | Reached skill level 5 in Invocations
 12468 | D:10     | Reached XP level 12. HP: 96/99 MP: 15/15
 12476 | D:10     | Found Sivaet's General Store.
 12507 | D:10     | Bought a scroll of magic mapping for 52 gold pieces
 12507 | D:10     | Bought a scroll of identify for 30 gold pieces
 12639 | D:10     | Reached *** piety under Cheibriados
 13132 | D:11     | Mangled by a red ugly thing

Vault maps used:
D:1:      minmay_arrival_plants_in_alcoves, minmay_split_cup_large
D:3:      lemuel_round_altar, marbit_many_paths, lemuel_crystal_altar,
          lemuel_round_altar, nemelex_xobeh_ov_fountains_minmay
D:4:      serial_shops, shop, first_bread
D:5:      fedhas_altar_fruit_tree, serial_shops, shop, dk_vineyard_3,
          lemuel_flamethrower_2
D:6:      minmay_temple_entry_hall, basic_altar, nrook_mini_vaults,
          uniq_blork_the_orc, uniq_menkaure
D:7:      makhleb_grotto_becter, serial_shops, nicolae_shop_statue_plus,
          basic_altar
D:8:      zin_purify, uniq_pikel, uniq_maurice
D:9:      old_standard_altar, slow_altar_2, dpeg_oklobed_lair, serial_shops,
          nicolae_shop_stone, basic_altar, hangedman_pestilent_swarm,
          okawaru_ov_weapons_minmay
D:10:     serial_shops, shop, serial_co_window_serial, co_window_corner_a,
          co_window_corner_a, co_window_paths_a, co_window_corner_a,
          co_window_of_opportunity_a, co_window_2corner,
          co_window_of_opportunity_c, co_window_unsneaky_path_b,
          co_window_paths_e, co_window_4corner_a, glass_columns_a,
          glass_columns_a, glass_columns_b, glass_columns_a, glass_columns_b
D:11:     orc_0_dummy, serial_shops, nicolae_shop_stone
D:12:     serial_shops, nicolae_shop_crystal, uniq_psyche, uniq_nergalle,
          uniq_harold
Temple:   nicolae_temple_god_jail

Skill      XL: |  1  2  3  4  5  6  7  8  9 10 11 |
---------------+----------------------------------+-----
Shields        | 4 5 |  5.6
Staves         | 3 4 5 7 10 11 12 | 12.6
Armour         | 4 5 |  5.5
Fighting       | 4 5 6 8 9 10 | 10.9
Dodging        | 2 4 |  4.8
Invocations    | 5 |  5.6

Action                   |  1- 3 |  4- 6 |  7- 9 | 10-12 || total
-------------------------+-------+-------+-------+-------++-------
Melee: Quarterstaff      |    97 |   150 |   457 |   561 ||  1265
 Abil: Shaft Self        |       |     1 |     1 |     4 ||     6
       Dig               |       |     1 |     2 |    11 ||    14
Evoke: Wand              |       |     4 |     2 |     5 ||    11
  Use: Scroll            |     7 |     3 |     2 |     8 ||    20
       Potion            |       |     2 |     2 |     2 ||     6
 Stab: Confused          |       |       |     3 |       ||     3
       Sleeping          |       |       |       |     4 ||     4
  Eat: Chunk             |       |     7 |     8 |    16 ||    31
       Fruit             |       |       |     9 |     4 ||    13
Armor: Scale mail        |    39 |       |       |       ||    39
       Chain mail        |    11 |    84 |       |       ||    95
       Ring mail         |       |       |   119 |    53 ||   172
       Leather armour    |       |       |       |    32 ||    32
Dodge: Dodged            |    43 |    35 |   144 |   191 ||   413
Block: Shield            |    57 |    71 |   208 |   247 ||   583

Table legend:
 A = Spawn XP
 B = Non-spawn XP
 C = Spawn XP percentage of total XP
 D = Spawn monster count
 E = Non-spawn monster count
 F = Spawn count percentage of total count
 G = Total turns spent on level
                    A         B        C        D         E        F      G
               +---------+---------+-------+---------+---------+-------+---------
         Total |    3474 |   12849 |  21.3 |      52 |     237 |  18.0 | 13132
               +---------+---------+-------+---------+---------+-------+---------
           D:1 |       1 |      23 |   4.2 |       1 |      12 |   7.7 |   401
           D:2 |       0 |      53 |   0.0 |       0 |      12 |   0.0 |   688
           D:3 |       1 |     186 |   0.5 |       1 |      28 |   3.4 |   988
           D:4 |       0 |     216 |   0.0 |       0 |      15 |   0.0 |   546
           D:5 |     151 |     518 |  22.6 |       2 |      23 |   8.0 |  1921
           D:6 |     174 |     763 |  18.6 |       3 |      18 |  14.3 |   937
           D:7 |     763 |     865 |  46.9 |      18 |      23 |  43.9 |  2397
           D:8 |     340 |    3137 |   9.8 |       7 |      20 |  25.9 |  1218
           D:9 |    1446 |    3595 |  28.7 |      14 |      40 |  25.9 |  1790
          D:10 |     251 |    2092 |  10.7 |       3 |      31 |   8.8 |  1391
          D:11 |     153 |     741 |  17.1 |       1 |      11 |   8.3 |   380
          D:12 |     194 |     660 |  22.7 |       2 |       4 |  33.3 |   403
               +---------+---------+-------+---------+---------+-------+---------
